 Dungeon Crawl Stone Soup version 0.14-a0-2810-g474977d (webtiles) character file.

123 Quh the Ruinous (level 3, -1/19 HPs)
             Began as a Deep Elf Conjurer on Feb 26, 2014.
             Slain by an adder (2 damage)
             ... on Level 2 of the Dungeon.
             The game lasted 00:11:48 (1046 turns).

Quh the Ruinous (Deep Elf Conjurer)                 Turns: 1046, Time: 00:11:48

HP  -1/19        AC  6     Str  6      XL: 3   Next: 10%
MP   1/11        EV 13     Int 19      God:
Gold 91          SH  0     Dex 17      Spells:  1 memorised,  7 levels left

rFire  . . .     SeeInvis .     (no weapon)
rCold  . . .     Clarity  .     a - +0 elf robe
rNeg   . . .     Conserve .     (no shield)
rPois  .         rCorr    .     (no helmet)
rElec  .         rRot     .     (no cloak)
SustAb . .       Spirit   .     r - +0 pair of gloves
rMut   .         Warding  .     f - +0 pair of boots
Saprov . . .     Stasis   .     (no amulet)
MR     .....                    (no ring)
                                e - ring of regeneration

@: mildly poisoned, not resistant to hostile enchantments, fairly stealthy
A: yellow scales 1, agile 1
a: no special abilities


You were on level 2 of the Dungeon.
You were not hungry.

You visited 1 branch of the dungeon, and saw 3 of its levels.

You collected 91 gold pieces.

Inventory:

Missiles
 i - 32 darts (quivered)
Armour
 a - a +0 elven robe (worn)
 f - a +0 pair of boots (worn)
 r - a +0 pair of gloves (worn)
 s - a +1 robe
Comestibles
 b - 2 bread rations
 d - a cheese
 m - 3 meat rations
 q - 11 sultanas
Scrolls
 h - a scroll of amnesia
 k - a scroll of enchant weapon I
 l - a scroll of blinking {unknown}
 n - a scroll of curse weapon {unknown}
 o - a scroll of fog {unknown}
 p - 2 scrolls of teleportation {unknown}
 t - a scroll of fear {unknown}
Jewellery
 e - a ring of regeneration (left hand)
Potions
 g - a potion of brilliance {unknown}
 j - 4 potions of curing {unknown}
 u - a potion of restore abilities {unknown}
 v - a potion of agility {unknown}
Books
 c - a book of Conjurations

   Spells                             Type                      Level
   *Magic Dart                        Conjuration                  1
   Searing Ray                        Conjuration                  2
   Dazzling Spray                     Conjuration/Hexes            3
   Fulminant Prism                    Conjuration/Hexes            4
   Iskenderun's Mystic Blast          Conjuration                  4
   Iskenderun's Battlesphere          Conjuration/Charms           5


   Skills:
 - Level 2.5 Dodging
 - Level 2.4 Stealth
 - Level 3.1 Spellcasting
 * Level 5.4 Conjurations


You had 7 spell levels left.
You knew the following spells:

 Your Spells              Type           Power        Failure   Level  Hunger
a - Magic Dart            Conj           ###.         1%          1    None


Dungeon Overview and Level Annotations

Branches:
Dungeon (3/16)

Altars:

Annotations:
D:2 Sigmund


Innate Abilities, Weirdness & Mutations

You are partially covered in yellow scales (AC +2).
You are agile. (Dex +2)


Message History

The jackal bites you but does no damage.
The adder bites you.
You are poisoned.
The adder poisons you! The adder bites you. The jackal bites you.
You climb downwards.
The jackal barely misses you. The jackal closely misses you.
There is a stone staircase leading up here.
You feel sick. The adder bites you. The adder barely misses you.
The jackal completely misses you. The jackal barely misses you.
The adder bites you.
* * * LOW HITPOINT WARNING * * *
Your magical contamination has completely faded away.
You climb upwards.
Level annotation: Sigmund
There is a stone staircase leading down here.
Unknown command.
The adder bites you.
* * * LOW HITPOINT WARNING * * *
The adder bites you but does no damage. The adder bites you.
You die...

.#.# ♣♣ ♣...# .#.###
♣ ♣.P♣♣♣..# .....#
.♣P♣$PP.♣..# .....#
..♣P♣P..P♣..# .....#
...♣♣P..♣♣♣..#
.....#...@#♣PP.♣♣...#
..........##♣♣.♣....#
###......###...hS>..#
#......#......@S..# .
[..............h..#
###......#..........#
###....#.#..........#
.##............%....#
.######.......♣♣♣♣..#
.............♣♣..P♣.#
........)...♣♣PPP♣♣♣#
............P......♣#


You could see 2 adders and 2 jackals.

Vanquished Creatures
  A giant mite (D:3)
  A giant gecko (D:2)
  5 hobgoblins (D:1)
  A ball python (D:2)
  4 bats
  3 giant cockroaches
  2 giant newts
  3 goblins (D:1)
  4 kobolds
  A rat (D:1)
25 creatures vanquished.

Notes
Turn   | Place    | Note
--------------------------------------------------------------
     0 | D:1      | Quh, the Deep Elf Conjurer, began the quest for the Orb.
     0 | D:1      | Reached XP level 1. HP: 10/10 MP: 5/5
   249 | D:1      | Reached XP level 2. HP: 15/15 MP: 4/8
   339 | D:1      | Gained mutation: You are partially covered in yellow scales (AC +2). [potion of beneficial mutation]
   341 | D:1      | Gained mutation: You are agile. (Dex +2) [potion of beneficial mutation]
   468 | D:1      | Reached skill level 5 in Conjurations
   759 | D:2      | Noticed Sigmund
  1026 | D:3      | Reached XP level 3. HP: 15/19 MP: 5/11
  1046 | D:2      | Slain by an adder

Action                   || total
-------------------------++-------
Throw: Dart              ||     1
 Cast: Magic Dart        ||    48
  Use: Scroll            ||     5
       Potion            ||     2
